A
ABERDEEN IRONBIRDS @ VANCOUVER MOUNTIES
06/22/2059
 
TOP OF THE 1ST
Aberdeen Ironbirds batting - Pitching for Vancouver Mounties : RHP Jackson Mendoza
Pitching: RHP Jackson Mendoza
Batting: RHB Trevor Gorsuch 0-0: Ground out U3 (Groundball, 34, EV 104.4 MPH)
Batting: RHB Joey Wilburn 0-0: Ball
1-0: Ball
2-0: Ball
3-0: Base on Balls
Batting: SHB Kyle Garris 0-0: Ball
1-0: Ball
2-0: Ball
3-0: Called Strike
3-1: Base on Balls
Joey Wilburn to second
Batting: RHB Keyon Yamamoto 0-0: Called Strike
0-1: Grounds into double play, 4-6-3 (Groundball, 4, EV 83.1 MPH)
Top of the 1st over - 0 runs, 0 hits, 0 errors, 1 left on base; Aberdeen 0 - Vancouver 0
BOTTOM OF THE 1ST
Vancouver Mounties batting - Pitching for Aberdeen Ironbirds : LHP Andy Morgan
Pitching: LHP Andy Morgan
Batting: RHB Julius Simpson 0-0: SINGLE (Groundball, 6MD, EV 99.4 MPH)
Batting: RHB Sayid Hirota 0-0: Ball
1-0: Ball
2-0: SINGLE (Groundball, 6MD, EV 98.8 MPH)
Julius Simpson to second
Batting: RHB Nathan Vendel 0-0: Ball
1-0: Ball
2-0: Called Strike
2-1: Fly out, F4 (Flyball, 4MD, EV 79.4 MPH)
Batting: LHB Romeo Nester 0-0: Ball
1-0: SINGLE (Line Drive, 6MD, EV 103.8 MPH)
Julius Simpson to third
Sayid Hirota to second
Runner from 3rd tries for Home, throw by CF and OUT! 8-2
Sayid Hirota to third
Romeo Nester to second
Batting: RHB Kaleb Klein 0-0: Ground out 6-3 (Groundball, 6, EV 90.0 MPH)
Bottom of the 1st over - 0 runs, 3 hits, 0 errors, 2 left on base; Aberdeen 0 - Vancouver 0
TOP OF THE 2ND
Aberdeen Ironbirds batting - Pitching for Vancouver Mounties : RHP Jackson Mendoza
Batting: SHB Jaxon Guest 0-0: Called Strike
0-1: Ball
1-1: Ball
2-1: Ball
3-1: Foul Ball, location: 2F
3-2: Strikes out swinging
Batting: RHB Jeremiah Butler 0-0: Ball
1-0: Called Strike
1-1: Ball
2-1: Fly out, F8 (Flyball, 8LS, EV 89.4 MPH)
Batting: RHB Clayton Mendieta 0-0: Foul Ball, location: 2F
0-1: Ball
1-1: Called Strike
1-2: Foul Ball, location: 2F
1-2: Foul Ball, location: 2F
1-2: Foul Ball, location: 2F
1-2: Fly out, F8 (Line Drive, 8RS, EV 93.1 MPH)
Top of the 2nd over - 0 runs, 0 hits, 0 errors, 0 left on base; Aberdeen 0 - Vancouver 0
BOTTOM OF THE 2ND
Vancouver Mounties batting - Pitching for Aberdeen Ironbirds : LHP Andy Morgan
Batting: SHB Brock Hutchins 0-0: Called Strike
0-1: Fly out, F4 (Popup, 4M, EV 67.5 MPH)
Batting: RHB Bobby Gerety 0-0: Called Strike
0-1: Foul Ball, location: 2F
0-2: Fly out, F7 (Flyball, 7LM, EV 87.5 MPH)
Batting: SHB Rashid Letsos 0-0: Called Strike
0-1: SINGLE (Groundball, 25, EV 67.5 MPH) (infield hit)
Batting: RHB Brayan Wilford 0-0: Fly out, F7 (Flyball, 7D, EV 92.5 MPH)
Bottom of the 2nd over - 0 runs, 1 hit, 0 errors, 1 left on base; Aberdeen 0 - Vancouver 0
TOP OF THE 3RD
Aberdeen Ironbirds batting - Pitching for Vancouver Mounties : RHP Jackson Mendoza
Batting: SHB Evan Lind 0-0: Foul Ball, location: 2F
0-1: Ball
1-1: Foul Ball, location: 2F
1-2: Foul Ball, location: 2F
1-2: Ball
2-2: Fly out, F4 (Popup, 4M, EV 62.5 MPH)
Batting: RHB Joey Scott 0-0: Called Strike
0-1: Ball
1-1: Ball
2-1: Ball
3-1: Base on Balls
Batting: RHB Trevor Gorsuch 0-0: Foul Ball, location: 2F
0-1: Foul Ball, location: 2F
0-2: Ball
1-2: Strikes out swinging
Batting: RHB Joey Wilburn 0-0: Ball
1-0: Ball
Wild Pitch!
Joey Scott to second
2-0: Ball
3-0: Called Strike
3-1: Ground out 6-3 (Groundball, 6, EV 88.8 MPH)
Top of the 3rd over - 0 runs, 0 hits, 0 errors, 1 left on base; Aberdeen 0 - Vancouver 0
BOTTOM OF THE 3RD
Vancouver Mounties batting - Pitching for Aberdeen Ironbirds : LHP Andy Morgan
Batting: RHB Julius Simpson 0-0: Called Strike
0-1: Ball
1-1: SINGLE (Groundball, 5S, EV 69.4 MPH) (infield hit)
Batting: RHB Sayid Hirota 0-0: Ball
1-0: Foul Ball, location: 2F
1-1: Swinging Strike
1-2: Strikes out looking
Batting: RHB Nathan Vendel 0-0: Foul Ball, location: 2F
0-1: Ball
1-1: Swinging Strike
1-2: Foul Ball, location: 2F
1-2: Foul Ball, location: 2F
1-2: Foul Ball, location: 2F
1-2: SINGLE (Line Drive, 7S, EV 90.6 MPH)
Julius Simpson to second
Batting: LHB Romeo Nester 0-0: Fly out, F8 (Flyball, 8LD, EV 98.1 MPH)
Batting: RHB Kaleb Klein 0-0: Swinging Strike
0-1: Ball
1-1: Ball
2-1: Ball
3-1: Called Strike
3-2: Foul Ball, location: 2F
3-2: Base on Balls
Julius Simpson to third
Nathan Vendel to second
Batting: SHB Brock Hutchins 0-0: Foul Ball, location: 2F
0-1: Ball
1-1: Ball
2-1: Ball
3-1: SINGLE (Line Drive, 34, EV 105.6 MPH)
Julius Simpson scores
Nathan Vendel to third
Kaleb Klein to second
Batting: RHB Bobby Gerety 0-0: Called Strike
0-1: SINGLE (Line Drive, 4MD, EV 97.5 MPH)
Nathan Vendel scores
Kaleb Klein to third
Brock Hutchins to second
Runner from 3rd tries for Home, throw by CF and OUT! 8-2
Bottom of the 3rd over - 2 runs, 4 hits, 0 errors, 2 left on base; Aberdeen 0 - Vancouver 2
TOP OF THE 4TH
Aberdeen Ironbirds batting - Pitching for Vancouver Mounties : RHP Jackson Mendoza
Batting: SHB Kyle Garris 0-0: Fly out, F9 (Flyball, 9D, EV 98.8 MPH)
Batting: RHB Keyon Yamamoto 0-0: Ball
1-0: Ground out 6-3 (Groundball, 6, EV 99.4 MPH)
Batting: SHB Jaxon Guest 0-0: Ground out 1-3 (Groundball, 13S, EV 70.6 MPH)
Top of the 4th over - 0 runs, 0 hits, 0 errors, 0 left on base; Aberdeen 0 - Vancouver 2
BOTTOM OF THE 4TH
Vancouver Mounties batting - Pitching for Aberdeen Ironbirds : LHP Andy Morgan
Batting: SHB Rashid Letsos 0-0: Ball
1-0: Ball
2-0: Ground out 4-3 (Groundball, 4, EV 90.6 MPH)
Batting: RHB Brayan Wilford 0-0: Called Strike
0-1: Ball
1-1: Called Strike
1-2: Ball
2-2: Ball
3-2: Foul Ball, location: 2F
3-2: DOUBLE (Groundball, 3L, EV 100.6 MPH)
Batting: RHB Julius Simpson 0-0: Called Strike
0-1: Foul Ball, location: 2F
0-2: Ball
1-2: Foul Ball, location: 2F
1-2: Ground out 6-3 (Groundball, 6MS, EV 88.1 MPH)
Brayan Wilford to third
Batting: RHB Sayid Hirota 0-0: Foul Ball, location: 2F
0-1: Ground out 6-3 (Groundball, 6, EV 103.1 MPH)
Bottom of the 4th over - 0 runs, 1 hit, 0 errors, 1 left on base; Aberdeen 0 - Vancouver 2
TOP OF THE 5TH
Aberdeen Ironbirds batting - Pitching for Vancouver Mounties : RHP Jackson Mendoza
Batting: RHB Jeremiah Butler 0-0: Foul Ball, location: 2F
0-1: Swinging Strike
0-2: Foul Ball, location: 2F
0-2: Foul Ball, location: 2F
0-2: Ground out 6-3 (Groundball, 6, EV 99.4 MPH)
Batting: RHB Clayton Mendieta 0-0: Ball
1-0: Foul Ball, location: 2F
1-1: Foul Ball, location: 2F
1-2: Strikes out looking
Batting: SHB Evan Lind 0-0: Ball
1-0: Ground out 4-3 (Groundball, 4, EV 90.0 MPH)
Top of the 5th over - 0 runs, 0 hits, 0 errors, 0 left on base; Aberdeen 0 - Vancouver 2
BOTTOM OF THE 5TH
Vancouver Mounties batting - Pitching for Aberdeen Ironbirds : LHP Andy Morgan
Batting: RHB Nathan Vendel 0-0: Ball
1-0: Called Strike
1-1: Fly out, F8 (Flyball, 78M, EV 86.2 MPH)
Batting: LHB Romeo Nester 0-0: Fly out, F8 (Flyball, 8LXD, EV 96.9 MPH)
Batting: RHB Kaleb Klein 0-0: Swinging Strike
0-1: Called Strike
0-2: Ball
1-2: Ground out U3 (Groundball, 3S, EV 86.2 MPH)
Bottom of the 5th over - 0 runs, 0 hits, 0 errors, 0 left on base; Aberdeen 0 - Vancouver 2
TOP OF THE 6TH
Aberdeen Ironbirds batting - Pitching for Vancouver Mounties : RHP Jackson Mendoza
Batting: RHB Joey Scott 0-0: Foul Ball, location: 2F
0-1: Ball
1-1: Ball
2-1: Ball
3-1: Base on Balls
Batting: RHB Trevor Gorsuch 0-0: Ball
1-0: Fly out, F9 (Line Drive, 9D, EV 98.8 MPH)
Batting: RHB Joey Wilburn 0-0: Ball
1-0: Ball
2-0: Foul Ball, location: 2F
2-1: Foul Ball, location: 2F
2-2: Ball
3-2: Base on Balls
Joey Scott to second
Batting: SHB Kyle Garris 0-0: Ball
1-0: Ball
2-0: Called Strike
2-1: Foul Ball, location: 2F
2-2: Strikes out swinging
Batting: RHB Keyon Yamamoto 0-0: Fly out, F8 (Flyball, 8RD, EV 73.1 MPH)
Top of the 6th over - 0 runs, 0 hits, 0 errors, 2 left on base; Aberdeen 0 - Vancouver 2
BOTTOM OF THE 6TH
Vancouver Mounties batting - Pitching for Aberdeen Ironbirds : LHP Andy Morgan
Batting: SHB Brock Hutchins 0-0: Called Strike
0-1: Ball
1-1: Foul Ball, location: 2F
1-2: Foul Ball, location: 2F
1-2: SINGLE (Groundball, 4MD, EV 97.5 MPH)
Batting: RHB Bobby Gerety 0-0: Bunt - Flyout to 23! F3
Batting: SHB Rashid Letsos 0-0: SINGLE (Groundball, 56S, EV 71.9 MPH) (infield hit)
Brock Hutchins to second
Batting: RHB Brayan Wilford 0-0: Ball
Brock Hutchins steals 3rd base
1-0: Ball
2-0: Called Strike
2-1: Ball
3-1: Foul Ball, location: 2F
3-2: Base on Balls
Rashid Letsos to second
Batting: RHB Julius Simpson 0-0: Ball
1-0: Ball
2-0: SINGLE (Line Drive, 7S, EV 102.5 MPH)
Brock Hutchins scores
Rashid Letsos to third
Brayan Wilford to second
Batting: RHB Sayid Hirota 0-0: Foul Ball, location: 2F
0-1: Grounds into fielders choice 5-2 (Groundball, 56S, EV 67.5 MPH)
Brayan Wilford to third
Julius Simpson to second
Pitching: LHP Newton Van der Vliet
Batting: RHB Nathan Vendel 0-0: Called Strike
0-1: Foul Ball, location: 2F
0-2: Ball
1-2: Strikes out looking
Bottom of the 6th over - 1 run, 3 hits, 0 errors, 3 left on base; Aberdeen 0 - Vancouver 3
TOP OF THE 7TH
Aberdeen Ironbirds batting - Pitching for Vancouver Mounties : RHP Jackson Mendoza
Batting: SHB Jaxon Guest 0-0: Called Strike
0-1: Ball
1-1: Ball
2-1: DOUBLE (Flyball, 78XD, EV 108.1 MPH)
Batting: RHB Jeremiah Butler 0-0: Ball
1-0: Called Strike
1-1: Ball
2-1: Called Strike
2-2: Ball
3-2: Base on Balls
Pitching: RHP Tommy Martin
Batting: RHB Clayton Mendieta 0-0: Called Strike
0-1: Ball
1-1: Ball
Wild Pitch!
Jaxon Guest to third
Jeremiah Butler to second
2-1: Called Strike
2-2: Strikes out swinging
Batting: SHB Evan Lind 0-0: Swinging Strike
0-1: Foul Ball, location: 2F
0-2: Ground out U3 (Groundball, 3L, EV 101.9 MPH)
Batting: RHB Joey Scott 0-0: Foul Ball, location: 2F
0-1: Foul Ball, location: 2F
0-2: Ball
1-2: Strikes out looking
Top of the 7th over - 0 runs, 1 hit, 0 errors, 2 left on base; Aberdeen 0 - Vancouver 3
BOTTOM OF THE 7TH
Vancouver Mounties batting - Pitching for Aberdeen Ironbirds : LHP Newton Van der Vliet
Batting: LHB Romeo Nester 0-0: Ball
1-0: SINGLE (Groundball, 34D, EV 100.0 MPH)
Batting: RHB Kaleb Klein 0-0: Called Strike
0-1: Foul Ball, location: 2F
0-2: Ball
1-2: Ball
2-2: Foul Ball, location: 2F
2-2: Ball
3-2: Foul Ball, location: 2F
3-2: Base on Balls
Romeo Nester to second
Batting: SHB Brock Hutchins 0-0: Called Strike
0-1: Ball
1-1: Ball
2-1: Ball
3-1: SINGLE (Line Drive, 6MD, EV 95.6 MPH)
Romeo Nester to third
Kaleb Klein to second
Batting: RHB Bobby Gerety 0-0: Ball
1-0: Fly out, F9 (Flyball, 9LM, EV 102.5 MPH)
Batting: SHB Rashid Letsos 0-0: Called Strike
0-1: Foul Ball, location: 2F
0-2: Strikes out looking
Batting: RHB Brayan Wilford 0-0: Foul Ball, location: 2F
0-1: Ball
1-1: Swinging Strike
1-2: Strikes out swinging
Bottom of the 7th over - 0 runs, 2 hits, 0 errors, 3 left on base; Aberdeen 0 - Vancouver 3
TOP OF THE 8TH
Aberdeen Ironbirds batting - Pitching for Vancouver Mounties : RHP Tommy Martin
Batting: RHB Trevor Gorsuch 0-0: Foul Ball, location: 2F
0-1: Called Strike
0-2: Strikes out looking
Batting: RHB Joey Wilburn 0-0: Swinging Strike
0-1: Fly out, F9 (Line Drive, 9D, EV 91.2 MPH)
Batting: SHB Kyle Garris 0-0: Reached on error, E6 (Groundball, 6MD, EV 85.6 MPH)
Batting: RHB Keyon Yamamoto 0-0: Fly out, F9 (Flyball, 9LSF, EV 90.6 MPH)
Top of the 8th over - 0 runs, 0 hits, 1 error, 1 left on base; Aberdeen 0 - Vancouver 3
BOTTOM OF THE 8TH
Vancouver Mounties batting - Pitching for Aberdeen Ironbirds : LHP Newton Van der Vliet
Batting: RHB Julius Simpson 0-0: SINGLE (Line Drive, 56D, EV 95.0 MPH)
Batting: RHB Sayid Hirota 0-0: Ball
1-0: Ball
2-0: Foul Ball, location: 2F
2-1: Grounds into double play, 6-4-3 (Groundball, 6, EV 97.5 MPH)
Batting: RHB Nathan Vendel 0-0: Ball
1-0: Foul Ball, location: 2F
1-1: Ball
2-1: DOUBLE (Line Drive, 78M, EV 100.0 MPH)
Pitching: RHP Cole Bagley
Batting: LHB Romeo Nester 0-0: Ball
1-0: Ball
2-0: Foul Ball, location: 2F
2-1: Fly out, F8 (Line Drive, 8LM, EV 99.4 MPH)
Bottom of the 8th over - 0 runs, 2 hits, 0 errors, 1 left on base; Aberdeen 0 - Vancouver 3
TOP OF THE 9TH
Aberdeen Ironbirds batting - Pitching for Vancouver Mounties : RHP Tommy Martin
Pitching: RHP Owen Carr
Batting: SHB Jaxon Guest 0-0: Called Strike
0-1: Foul Ball, location: 2F
0-2: Foul Ball, location: 2F
0-2: Hit by Pitch
Batting: RHB Jeremiah Butler 0-0: Called Strike
0-1: Called Strike
0-2: Ball
1-2: Strikes out looking
Batting: RHB Clayton Mendieta 0-0: Foul Ball, location: 2F
0-1: Foul Ball, location: 2F
0-2: Ball
1-2: Strikes out looking
Batting: SHB Evan Lind 0-0: Called Strike
0-1: SINGLE (Groundball, 34D, EV 99.4 MPH)
Jaxon Guest to second
Batting: RHB Joey Scott 0-0: Ball
1-0: Called Strike
1-1: Swinging Strike
1-2: Foul Ball, location: 2F
1-2: Ball
2-2: Ball
3-2: Strikes out swinging
Top of the 9th over - 0 runs, 1 hit, 0 errors, 2 left on base; Aberdeen 0 - Vancouver 3
Thursday, March 7th , 2024 - OOTP Baseball 23.10 Build 110